 Dungeon Crawl Stone Soup version 0.30.0-29-ga12c61a403 (webtiles) character file.

Game seed: 830583201476620886

417 qw the Chopper (level 6, -15/38 HPs)
             Began as a Gargoyle Fighter on June 5, 2023.
             Demolished by an ogre
             ... wielding a +0 giant spiked club
              (27 damage)
             ... on level 4 of the Dungeon.
             The game lasted 00:01:47 (3099 turns).

qw the Chopper (Gargoyle Fighter)                   Turns: 3099, Time: 00:01:48

Health: -15/38     AC: 11    Str: 22    XL:     6   Next: 92%
Magic:  0/6        EV:  9    Int:  8    God:
Gold:   135        SH:  4    Dex:  9    Spells: 5/5 levels left

rFire   . . .        Y - +0 war axe (freeze)
rCold   . . .        c - +0 buckler
rNeg    + . .        b - +0 scale mail
rPois   inf          (no helmet)
rElec   +            (no cloak)
rCorr   .            (no gloves)
SInv    .            (no boots)
Will    .....        r - amulet of guardian spirit Stlth
                     (no ring)
HPRegen 0.26/turn    (no ring)
MPRegen 0.10/turn

%: guardian spirit
@: no status effects
A: sickness immunity, AC +4, negative energy resistance 1, electricity
resistance, torment resistance 1, petrification resistance
a: no special abilities


You were on level 4 of the Dungeon.
You visited 1 branch of the dungeon, and saw 4 of its levels.

You collected 135 gold pieces.


Innate Abilities, Weirdness & Mutations

You are immune to sickness and miasma.
Your stone body is resilient. (AC +4)
You are immune to poison.
You resist negative energy. (rN+)
You are resistant to electric shocks. (rElec)
You are resistant to unholy torment.
You are immune to petrification.


   Skills:
 - Level 4.0 Fighting
 + Level 6.0 Axes
 - Level 3.2 Armour
 - Level 1.0 Dodging
 - Level 3.2 Shields


You had 5 spell levels left.
You didn't know any spells.
Your spell library was empty.

Inventory:

Hand Weapons
 j - a +0 morningstar
 Y - a +0 war axe of freezing (weapon)
Missiles
 o - a boomerang (quivered)
Armour
 b - a +0 scale mail (worn)
 c - a +0 buckler (worn)
 s - a +1 leather armour of cold resistance
Jewellery
 r - an amulet of guardian spirit (around neck)
Scrolls
 a - a scroll of enchant armour
 m - a scroll of identify {unknown}
Potions
 d - a potion of might
 e - a potion of heal wounds
 f - a potion of resistance {unknown}
 g - a potion of degeneration {unknown}
 h - a potion of brilliance {unknown}
 i - a potion of attraction
 k - a potion of magic {unknown}
 n - a potion of haste {unknown}
 p - a potion of curing
 q - 3 potions of lignification

Dungeon Overview and Level Annotations

Branches:
Dungeon (4/15)
 Temple: D:4-7

Altars:
Ashenzari
Zin

Annotations:
D:4 Pikel


Message History

A ball python comes into view.
The ball python hisses angrily.
There is an open door here.
You throw a boomerang. The boomerang hits the ball python!
You kill the ball python!
Found 7 stones.
Found 8 stones.
A ball python comes into view.
Found four items.
The ball python hisses angrily.
An ogre comes into view. It is wielding a +0 giant club.
The ball python moves out of view.
3088 ||| Stepping ~*~*~tactically~*~*~ (stealth). 2 ogres come into view.
You throw a boomerang.
The boomerang closely misses the ball python.
The boomerang hits the ogre.
The ogre is lightly wounded.
You throw a boomerang. The boomerang hits the ogre.
The ogre is lightly wounded.
You throw a boomerang. The boomerang barely misses the ogre.
You closely miss the ogre.
The ogre is lightly wounded.
The ogre hits you with a +0 giant spiked club!
You hit the ogre. You freeze the ogre.
The ogre is moderately wounded.
You block the ogre's attack.
You completely miss the ogre.
The ogre is moderately wounded.
You hit the ogre. You freeze the ogre.
The ogre is heavily wounded.
The ogre hits you with a +0 giant spiked club!
You barely miss the ogre.
The ogre is heavily wounded.
The ogre hits you with a +0 giant spiked club!
You slash the ogre! You freeze the ogre.
The ogre is almost dead.
The ogre hits you with a +0 giant spiked club!!
Ouch! That really hurt!
You die...

([ (.### (.
#(.....#
)(..8..>%#
.#.(....# #
...##..###.#
SO#.......#
#O#.......#
#@#.......#
#.##'####
#.......#
#.......#
#.......#
#.......#
#.......#
+.##+####
###


You could see 2 ogres and a ball python.

Vanquished Creatures
  Sigmund (D:2)
  2 lemures (D:4)
  Blork the orc (D:4)
  3 gnolls (D:3)
  5 adders
  A worm (D:4)
  2 dart slugs (D:1)
  21 orcs
  5 endoplasms
  3 hobgoblins
  8 jackals
  7 quokkas
  12 ball pythons
  7 bats
  3 frilled lizards
  5 goblins
  5 kobolds
  7 rats
98 creatures vanquished.

Notes
Turn   | Place    | Note
-------+----------+-------------------------------------------
     0 | D:1      | qw the Gargoyle Fighter began the quest for the Orb.
     0 | D:1      | Reached XP level 1. HP: 14/14 MP: 1/1
     0 | D:1      | 0 ||| qw: Version: 0.2-a-108-gee2c290
     0 | D:1      | 0 ||| qw: Game counter: 1381
     0 | D:1      | 0 ||| qw: Always use a shield: true
     0 | D:1      | 0 ||| qw: God list: Okawaru
     0 | D:1      | 0 ||| qw: Allow faded altars: false
     0 | D:1      | 0 ||| qw: Do Orc after D:15 true
     0 | D:1      | 0 ||| qw: Do second Lair branch before Depths: true
     0 | D:1      | 0 ||| qw: Lair rune preference: random
     0 | D:1      | 0 ||| qw: Plans: Normal, Zot:1-4, Slime:5, God:TSO, Crypt,
                  | Tomb, Abyss, Pan, Hells, Win
     0 | D:1      | 0 ||| PLANNING D:1-11
    61 | D:1      | Reached skill level 2 in Axes
    63 | D:1      | Found a faded altar of an unknown god.
   200 | D:1      | Reached XP level 2. HP: 19/19 MP: 2/2
   219 | D:1      | 219 ||| DROPPING +0 club.
   641 | D:1      | 641 ||| Stepping ~*~*~tactically~*~*~ (hiding).
   648 | D:1      | Reached skill level 3 in Axes
   870 | D:1      | Reached XP level 3. HP: 23/23 MP: 3/3
  1254 | D:1      | 1254 ||| READING 2 scrolls labelled VAPHEF GIYZEU.
  1255 | D:1      | 1255 ||| READING scroll labelled CACUOME EROT.
  1259 | D:1      | 1259 ||| DRINKING 2 fuming pink potions.
  1544 | D:2      | Noticed Sigmund
  1546 | D:2      | 1546 ||| Stepping ~*~*~tactically~*~*~ (hiding).
  1562 | D:2      | Killed Sigmund
  1563 | D:2      | Reached skill level 5 in Axes
  1563 | D:2      | Reached XP level 4. HP: 20/28 MP: 4/4
  1563 | D:2      | Reached XP level 5. HP: 22/32 MP: 5/5
  1984 | D:2      | 1984 ||| READING scroll labelled BERONL FECHIZ.
  1985 | D:2      | 1985 ||| READING scroll labelled BESAUL RYPEUGE.
  1986 | D:2      | 1986 ||| READING 2 scrolls labelled CEOTOP JUGE.
  2010 | D:2      | 2010 ||| DROPPING scroll of torment.
  2037 | D:3      | Reached XP level 6. HP: 38/38 MP: 6/6
  2051 | D:3      | 2051 ||| DROPPING +0 whip.
  2081 | D:3      | 2081 ||| STAIRDANCE
  2100 | D:2      | 2100 ||| DROPPING +0 flail.
  2101 | D:2      | 2101 ||| DRINKING 2 viscous red potions.
  2105 | D:3      | 2105 ||| STAIRDANCE
  2112 | D:2      | Reached skill level 1 in Dodging
  2229 | D:3      | 2229 ||| Stepping ~*~*~tactically~*~*~ (hiding).
  2230 | D:3      | 2230 ||| Stepping ~*~*~tactically~*~*~ (hiding).
  2231 | D:3      | 2231 ||| Stepping ~*~*~tactically~*~*~ (hiding).
  2233 | D:3      | 2233 ||| Stepping ~*~*~tactically~*~*~ (hiding).
  2366 | D:3      | Found a glowing silver altar of Zin.
  2502 | D:3      | 2502 ||| Stepping ~*~*~tactically~*~*~ (stealth).
  2503 | D:3      | 2503 ||| Stepping ~*~*~tactically~*~*~ (stealth).
  2507 | D:3      | 2507 ||| Stepping ~*~*~tactically~*~*~ (stealth).
  2597 | D:3      | 2597 ||| Stepping ~*~*~tactically~*~*~ (stealth).
  2619 | D:3      | Found a broken altar of Ashenzari.
  2786 | D:3      | 2786 ||| UPGRADING to amulet of guardian spirit.
  2791 | D:3      | 2791 ||| READING scroll labelled BATOVO JIFF.
  2792 | D:3      | 2792 ||| DRINKING 2 fuming purple potions.
  2793 | D:3      | 2793 ||| DRINKING 3 puce potions.
  2819 | D:4      | 2819 ||| PLANNING OSSUARY
  2844 | D:4      | Noticed Blork the orc
  2855 | D:4      | Killed Blork the orc
  2982 | D:4      | Reached skill level 6 in Axes
  2996 | D:4      | Noticed Pikel
  3000 | D:4      | 3000 ||| Stepping ~*~*~tactically~*~*~ (stealth).
  3013 | D:4      | HP: 9/38 [Pikel/+1 whip of electrocution (2)]
  3014 | D:4      | 3014 ||| READING scroll of teleportation.
  3014 | D:4      | HP: 2/38 [lemure[Pikel] (6)]
  3015 | D:4      | 3015 ||| DRINKING 2 potions of heal wounds.
  3087 | D:4      | Found the +6 shillelagh "Devastator" {shatter}
  3088 | D:4      | 3088 ||| Stepping ~*~*~tactically~*~*~ (stealth).
  3099 | D:4      | Demolished by an ogre

Levels and vault maps discovered:
D:1:      dpeg_arrival_ternary, layout_basic, nicolae_ecumenical_snake_handling,
          chequers_serial_rivers_small_b, grunt_decor_arrowhead,
          kennysheep_minor_cross, minmay_pentomino_s2
D:2:      layout_basic, chequers_serial_rivers_micro_d, uniq_sigmund
D:3:      layout_rooms, ashenzari_altar_1, mainiacjoe_overflow_tiny_flanked,
          grunt_ministairs_4
D:4:      layout_basic, mainiacjoe_overflow_24_doors,
          lightli_ossuary_entry_decrepit_ruins, dilly_guarded_unrand_devastator,
          uniq_pikel, uniq_blork_the_orc

Skill      XL: |  1  2  3  4  5  6 |
---------------+-------------------+-----
Axes           | 2 3 5 6 |  6.0
Fighting       | 4 |  4.0
Dodging        | 1 |  1.0
Armour         | |  3.2
Shields        | |  3.2

Action                     |  1- 3 |  4- 6 || total
---------------------------+-------+-------++-------
  Melee: War axe           |   140 |   155 ||   295
  Throw: Boomerang         |       |    34 ||    34
    Use: Scroll            |     2 |     5 ||     7
         Potion            |     1 |     4 ||     5
 Armour: Scale mail        |    71 |    94 ||   165
  Dodge: Dodged            |    79 |    76 ||   155
  Block: Buckler           |    23 |    32 ||    55

Table legend:
 A = Non-vault XP
 B = Vault XP
 C = Vault XP percentage of total XP
 D = Non-vault monster count
 E = Vault monster count
 F = Vault count percentage of total count
                 A         B        C        D         E       F
            +---------+---------+-------+---------+---------+-------
      Total |     271 |     325 |  54.5 |      86 |      10 |  10.4
            +---------+---------+-------+---------+---------+-------
        D:1 |      32 |       8 |  20.0 |      18 |       6 |  25.0
        D:2 |      66 |     214 |  76.4 |      24 |       1 |   4.0
        D:3 |     150 |       3 |   2.0 |      39 |       2 |   4.9
        D:4 |      23 |     100 |  81.3 |       5 |       1 |  16.7
            +---------+---------+-------+---------+---------+-------
